 Dungeon Crawl Stone Soup version 0.28-a0-233-gb8ca4b6547 (webtiles) character file.

Game seed: 2702490904548718912

191 bande the Covered (level 5, 33/36 HPs)
             Began as a Gargoyle Fighter on Aug 23, 2021.
             Quit the game on level 3 of the Dungeon.
             The game lasted 00:05:40 (3337 turns).

bande the Covered (Gargoyle Fighter)                Turns: 3337, Time: 00:05:40

Health: 33/36      AC:  9    Str: 16 (19) XL:     5   Next: 70%
Magic:  5/5        EV:  7    Int:  6 (7)  God:
Gold:   89         SH:  7    Dex:  7 (10) Spells: 4/4 levels left

rFire   . . .      SeeInvis .   a - +0 war axe
rCold   . . .      Faith    .   c - +0 kite shield
rNeg    + . .      Spirit   .   b - +0 scale mail
rPois   ∞          Reflect  .   (no helmet)
rElec   +          Harm     .   d - +0 cloak
rCorr   .          Rampage  .   (no gloves)
Will    .....                   (no boots)
Stlth   ..........              (no amulet)
HPRegen 0.12/turn               (no ring)
MPRegen 0.09/turn               (no ring)

@: no status effects
A: sickness immunity, AC +4, negative energy resistance 1, electricity
resistance, torment resistance 1, petrification resistance, deformed body, dopey
1, robust 1
a: no special abilities


You were on level 3 of the Dungeon.
You visited 1 branch of the dungeon, and saw 3 of its levels.

You collected 89 gold pieces.

Inventory:

Hand Weapons
 a - a +0 war axe (weapon)
Armour
 b - a +0 scale mail (worn)
 c - a +0 kite shield (worn)
 d - a +0 cloak (worn)
Scrolls
 f - a scroll of amnesia
Potions
 e - a potion of cancellation
 j - a potion of magic


   Skills:
 + Level 3.9 Fighting
 + Level 3.3 Axes
 + Level 4.3 Armour
 + Level 0.8 Dodging
 + Level 4.3 Shields


You had 4 spell levels left.
You didn't know any spells.
Your spell library contained the following spells:

 Spells                   Type           Power      Damage    Failure   Level
 Dazzling Flash           Conj/Hex       0%         N/A       100%        3
 Agony                    Necr           0%         N/A       100%        5
 Silence                  Hex/Air        0%         N/A       100%        5
 Conjure Ball Lightning   Conj/Air       0%         3x3d6     100%        6
 Discord                  Hex            0%         N/A       100%        8
 Disjunction              Tloc           0%         N/A       100%        8


Dungeon Overview and Level Annotations

Branches:
Dungeon (3/15)

Altars:
Ashenzari
Elyvilon
Sif Muna

Shops:
D:1 [   D:2 =


Innate Abilities, Weirdness & Mutations

You are immune to sickness and miasma.
Your stone body is resilient. (AC +4)
You are immune to poison.
You resist negative energy. (rN+)
You are resistant to electric shocks. (rElec)
You are resistant to unholy torment.
You are immune to petrification.
Armour fits poorly on your strangely shaped body.
You are dopey. (Int -2)
You are robust. (+10% HP)


Message History

The orc is almost dead.
You block the orc's attack. The orc hits you but does no damage.
You hit the orc but do no damage.
The orc is almost dead.
The orc barely misses you. You block the orc's attack.
You barely miss the orc.
The orc is almost dead.
The orc completely misses you.
You closely miss the orc.
The orc is almost dead.
You block the orc's attack. The orc barely misses you.
You hit the orc but do no damage.
The orc is almost dead.
You block the orc's attack.
You hit the orc but do no damage.
The orc is almost dead.
You block the orc's attack. The orc hits you but does no damage.
You slash the orc!
You kill the orc!
No target in view!
No target in view!
No target in view!
No target in view!
i - a scroll of identify You now have 89 gold pieces (gained 6).
Things that are here:
a +0 hand axe; a +0 leather armour; an orc corpse
Items here: ( ) ††.
Okay, then.
Things that are here:
a +0 hand axe; a +0 leather armour; an orc corpse
Okay, then.
As you read the scroll of identify, it crumbles to dust.
e - a potion of cancellation It was a potion of degeneration.
There was something very wrong with that liquid.
You feel weakened.
You feel dopey.
You feel clumsy.
It was a potion of mutation.
You feel extremely strange.
You feel stupid.
Your body twists and deforms.
You feel robust.
Are you sure you want to abandon this character and quit the game? (Confirm with "yes".)

#.# #.# #.# #####.#
.. #.# #.....# .# .
#.# #.##..# .###..
#.######..#..##...'.
#.................#
#########.##......#
#.##......#
#.##@)....#
#.##.......).
#............
#####........
......... .........
......### .......#


There were no monsters in sight!

Vanquished Creatures
  An ogre (D:2)
  2 adders
  A worm (D:2)
  4 orcs (D:3)
  8 endoplasms
  7 giant cockroaches
  6 hobgoblins
  7 jackals (D:1)
  7 kobolds
  3 quokkas
  5 ball pythons
  3 bats
  4 frilled lizards
  6 goblins
  6 rats
70 creatures vanquished.

Vanquished Creatures (others)
  A withered plant (D:1)
1 creature vanquished.

Grand Total: 71 creatures vanquished

Notes
Turn   | Place    | Note
-------+----------+-------------------------------------------
     0 | D:1      | bande the Gargoyle Fighter began the quest for the Orb.
     0 | D:1      | Reached XP level 1. HP: 14/14 MP: 1/1
    17 | D:1      | Reached XP level 2. HP: 2/19 MP: 2/2
   717 | D:1      | Found Liassaom's Antique Armour Shoppe.
  1224 | D:1      | Found a faded altar of an unknown god.
  1287 | D:1      | Reached XP level 3. HP: 22/23 MP: 3/3
  1780 | D:2      | Found Moninnyo's Jewellery Boutique.
  2320 | D:2      | Noticed an ogre
  2340 | D:2      | Killed an ogre
  2341 | D:2      | Reached XP level 4. HP: 22/29 MP: 4/4
  2341 | D:2      | Reached XP level 5. HP: 25/33 MP: 5/5
  2911 | D:3      | Found a broken altar of Ashenzari.
  2915 | D:3      | Found a shimmering blue altar of Sif Muna.
  2920 | D:3      | Found a white marble altar of Elyvilon.
  3336 | D:3      | Gained mutation: You are dopey. (Int -2) [potion of
                  | mutation]
  3336 | D:3      | Gained mutation: Armour fits poorly on your strangely
                  | shaped body. [potion of mutation]
  3336 | D:3      | Gained mutation: You are robust. (+10% HP) [potion of
                  | mutation]
  3337 | D:3      | Quit the game

Illustrated notes

Levels and vault maps discovered:
D:1:      wander_arrival_peaceful_grave, layout_basic,
          ebering_ecumenical_altar_petrified, serial_shops,
          nicolae_shop_overgrown_old_shop, hex_tiny
D:2:      layout_basic, serial_shops, nicolae_shop_stone
D:3:      minmay_angry_zag, layout_basic, grunt_temple_overflow_diamond,
          guppyfry_early_orc_mine

Skill      XL: |  1  2  3 |
---------------+----------+-----
Axes           | 2 3 |  3.3
Armour         | 4 |  4.3
Shields        | 4 |  4.3
Fighting       | |  3.9
Dodging        | |  0.8

Action                   |  1- 3 |  4- 6 || total
-------------------------+-------+-------++-------
Melee: War axe           |   116 |    82 ||   198
  Use: Scroll            |     5 |     2 ||     7
       Potion            |     1 |     2 ||     3
Armor: Scale mail        |    67 |    31 ||    98
Dodge: Dodged            |    44 |    27 ||    71
Block: Kite shield       |    47 |    47 ||    94

Table legend: (Time is in decaauts)
 A = Elapsed time spent in this place.
 B = Non-inter-level travel time spent in this place.
 C = Inter-level travel time spent in this place.
 D = Time resting spent in this place.
 E = Time spent auto-exploring this place.
 F = Levels seen in this place.
 G = Mean time per level.
                   A        B        C        D        E       F      G
               +--------+--------+--------+--------+--------+-----+--------+
         Total |   3455 |   3455 |      0 |    759 |   2085 |   3 | 1151.7 |
       Dungeon |   3455 |   3455 |      0 |    759 |   2085 |   3 | 1151.7 |
               +--------+--------+--------+--------+--------+-----+--------+

Top non-repeatable levels by time:
     D:1: 1814 daAuts
     D:2: 1172 daAuts
     D:3: 468 daAuts
